 Dungeon Crawl Stone Soup version 0.19.1 (webtiles) character file.

54590 Haldmier the Nimble (level 14, 0/103 HPs)
             Began as a High Elf Skald on Dec 13, 2016.
             Was a High Priest of Vehumet.
             Slain by a six-headed hydra (2 damage)
             ... on level 5 of the Lair of Beasts.
             The game lasted 02:21:30 (19964 turns).

Haldmier the Nimble (High Elf Skald)               Turns: 19964, Time: 02:21:31

Health: 0/103      AC: 20    Str: 18    XL:     14   Next: 35%
Magic:  19/26      EV: 19    Int: 18    God:    Vehumet [*****.]
Gold:   1644       SH:  5    Dex: 19    Spells: 9 memorised, 5 levels left

rFire  . . .     SeeInvis +     z - +7 quarterstaff "Hiereunu" {venom, rPois Str+4}
rCold  . . .     Gourm    .     e - +4 scale mail
rNeg   . . .     Faith    .     (shield currently unavailable)
rPois  +         Spirit   .     b - +2 hat of Hopscotch {SInv}
rElec  .         Reflect  +     E - +1 cloak
rCorr  .         Harm     .     G - +0 pair of gloves
MR     +....                    (no boots)
Stlth  ++........               v - +5 amulet of reflection
                                j - +3 ring of strength
                                V - +4 ring of protection

@: very slightly contaminated
A: no striking features
a: Renounce Religion


You were on level 5 of the Lair of Beasts.
You worshipped Vehumet.
Vehumet was extremely pleased with you.
You were very hungry.

You visited 3 branches of the dungeon, and saw 19 of its levels.
You also visited: Ice Cave.

You collected 1842 gold pieces.
You spent 198 gold pieces at shops.

Inventory:

Hand Weapons
 z - the +7 quarterstaff "Hiereunu" (weapon) {venom, rPois Str+4}
   (You found it on level 5 of the Dungeon)

   It poisons the flesh of those it strikes.
   It affects your strength (+4).
   It protects you from poison.
 D - a +1 dagger of electrocution
 S - a +0 scimitar
 T - a +1 falchion of holy wrath
Armour
 b - the +2 hat of Hopscotch (worn) {SInv}
   (You found it in an ice cave)

   It lets you see invisible.
 e - a +4 scale mail (worn)
 w - a +0 ring mail
 y - the +0 pair of gloves of Zin's Condemnation {rC- Str-5 Dex+9 SInv}
   (You found it on level 11 of the Dungeon)

   It affects your strength (-5).
   It affects your dexterity (+9).
   It makes you vulnerable to cold.
   It lets you see invisible.
 E - a +1 cloak (worn)
 G - a +0 pair of gloves (worn)
 J - a +1 scale mail of positive energy
Magical Staves
 M - an uncursed staff of energy
Jewellery
 j - a +3 ring of strength (right hand)
 v - a +5 amulet of reflection (around neck)
 V - a +4 ring of protection (left hand)
Wands
 k - a wand of enslavement (19/24)
 o - a wand of confusion (13/48)
 u - a wand of polymorph (11/24)
 B - a wand of disintegration (19/24)
 L - a wand of slowing (19/48)
 P - a wand of acid (12/15)
 U - a wand of hasting (6/9)
 W - a wand of teleportation (3/9)
Scrolls
 g - 11 scrolls of remove curse
 i - a scroll of amnesia
 l - a scroll of blinking
 m - 3 scrolls of teleportation
 r - a scroll of fear
 F - a scroll of magic mapping
 Y - a scroll of recharging
Potions
 c - a potion of magic
 h - a potion of agility {unknown}
 n - a potion of flight
 p - 7 potions of might
 q - 5 potions of heal wounds
 s - 2 potions of haste
 x - a potion of ambrosia
 I - a potion of resistance {unknown}
 N - 4 potions of curing
 O - 2 potions of lignification {unknown}
 Q - 2 potions of cancellation
Books
 a - a book of Minor Magic

   Spells                             Type                      Level
   a - Magic Dart                     Conjuration                  1
   b - Blink                          Translocation                2
   c - Call Imp                       Summoning                    2
   d - Repel Missiles                 Charms/Air                   2
   e - Slow                           Hexes                        2
   f - Conjure Flame                  Conjuration/Fire             3
   g - Mephitic Cloud                 Conjuration/Poison/Air       3
 t - a book of Flames

   Spells                             Type                      Level
   a - Flame Tongue                   Conjuration/Fire             1
   b - Throw Flame                    Conjuration/Fire             2
   c - Conjure Flame                  Conjuration/Fire             3
   d - Inner Flame                    Hexes/Fire                   3
   e - Sticky Flame                   Conjuration/Fire             4
   f - Fireball                       Conjuration/Fire             5
Miscellaneous
 K - a phial of floods
Comestibles
 d - 10 bread rations
 f - 10 meat rations
 A - a royal jelly
 C - 7 beef jerkies
 H - 7 slices of pizza
 R - 10 fruits


   Skills:
 - Level 12.0 Fighting
 - Level 9.0 Long Blades
 + Level 2.8 Armour
 - Level 13.0 Dodging
 - Level 4.0 Stealth
 - Level 7.6 Spellcasting
 + Level 9.8 Conjurations
 - Level 4.0 Hexes
 - Level 9.0 Charms
 - Level 3.6 Necromancy
 - Level 3.5 Translocations
 + Level 6.8 Ice Magic
 + Level 5.5 Air Magic
 - Level 2.0 Poison Magic


You had 5 spell levels left.
You knew the following spells:

 Your Spells              Type           Power        Failure   Level  Hunger
a - Infusion              Chrm           ####         1%          1    None
b - Shroud of Golubria    Chrm/Tloc      ####......   4%          2    None
c - Spectral Weapon       Hex/Chrm       ####....     10%         3    #......
d - Regeneration          Chrm/Necr      ####......   10%         3    #......
e - Summon Ice Beast      Ice/Summ       ###.....     83%         4    ###....
f - Searing Ray           Conj           #####.       1%          2    None
g - Mephitic Cloud        Conj/Pois/Air  ####....     3%          3    #......
h - Swiftness             Chrm/Air       ####....     2%          2    None
i - Conjure Flame         Conj/Fire      ###.....     4%          3    #......


Dungeon Overview and Level Annotations

Branches:
Dungeon (12/15)            Temple (0/1) D:6            Lair (5/6) D:9
  Swamp (0/4) Lair:3       Spider (0/4) Lair:4          Orc (2/2) D:12
  Slime: Lair:5-6       Elf: Orc:2

Altars:
Fedhas
Sif Muna
Trog
Vehumet
Xom
Yredelemnul
Beogh

Shops:
D:4 ?   D:11 (   D:12 !   Orc:1 (   Orc:2 :


Message History

The six-headed hydra barely misses your spectral weapon.
The six-headed hydra bites your spectral weapon!
Your spectral weapon shares its damage with you!
* * * LOW HITPOINT WARNING * * *
The six-headed hydra bites your spectral weapon but does no damage.
The six-headed hydra bites your spectral weapon!
Your spectral weapon shares its damage with you!
Your spectral weapon fades away.
* * * LOW HITPOINT WARNING * * *
You take 10 damage, and have 16/103 hp.
As you read the scroll of fear, it crumbles to dust.
You assume a fearsome visage.
The six-headed hydra resists with almost no effort.
The six-headed hydra barely misses you. The six-headed hydra bites you.
* * * LOW HITPOINT WARNING * * *
The six-headed hydra closely misses you.
The six-headed hydra misses you. The six-headed hydra bites you!
* * * LOW HITPOINT WARNING * * *
The six-headed hydra bites you.
You die...

....#
####........#
....#
#.#......#.##
..P.#
##...P###..#
....#
###...#.#.#
.####
##..........#
#.....###....#
#...###.##...#
##..#hD..#....
#....#@.#....
+..F##..#
.....#.####
#.#.....# #
#....h#
###..#. #....
.. #.


You could see a six-headed hydra and a polar bear (berserk).

Vanquished Creatures
  Gastronok (Orc:1)
  A frost giant (IceCv)
  An orc warlord (Orc:1)
  Snorg (Orc:1)
  Josephine (D:10)
  A hydra (Lair:1)
  5 death yaks (Lair:5)
  The ghost of Uhlv the Slicer, a novice HaFi of Okawaru (D:8)
  3 unseen horrors
  Pikel (D:7)
  3 hill giants
  An orc knight (D:12)
  2 orc sorcerers
  2 cyclopes (D:12)
  4 ugly things
  A manticore (D:11)
  3 black mambas
  A centaur zombie (D:11)
  Maurice (D:9)
  A gargoyle (D:11)
  10 spiny frogs
  6 komodo dragons
  4 rime drakes
  23 polar bears
  4 trolls
  A two-headed ogre (D:11)
  8 dream sheep
  9 slime creatures
  Grinder (D:4)
  10 hippogriffs
  5 wyverns
  A shadow (D:12)
  6 humans
  38 yaks
  3 wraiths
  2 hogs (D:9)
  3 vampire mosquitoes (Lair:3)
  A steam dragon (D:12)
  A basilisk (Lair:2)
  A hungry ghost (D:7)
  A warg (Orc:1)
  6 water moccasins
  5 porcupines
  A necrophage (D:5)
  3 ice beasts
  3 sky beasts
  17 orc warriors
  3 phantoms
  7 ogres
  14 wolves
  8 centaurs
  6 crocodiles
  20 bullfrogs
  A gnoll sergeant (D:7)
  A water moccasin skeleton (D:7)
  5 killer bees (D:11)
  An electric eel (Lair:4)
  5 crimson imps
  2 jellies
  2 bullfrog zombies
  4 hounds
  16 orc priests
  17 orc wizards
  3 bullfrog skeletons
  4 iguanas
  9 worker ants
  A killer bee zombie (D:6)
  A hound zombie (D:9)
  A hound skeleton (D:6)
  3 worker ant zombies
  3 gnolls (D:7)
  17 adders
  5 shadow imps
  3 oozes
  An adder skeleton (D:9)
  4 worms
  A dart slug (D:3)
  4 leopard geckos
  67 orcs
  3 ball pythons
  8 bats
  6 giant cockroaches
  8 goblins
  5 hobgoblins
  6 jackals (D:2)
  4 quokkas
  3 frilled lizards
  10 kobolds
  A leopard gecko zombie (D:6)
  4 rats
505 creatures vanquished.

Vanquished Creatures (collateral kills)
  A porcupine (Lair:2)
1 creature vanquished.

Vanquished Creatures (others)
  A centaur skeleton (D:12)
  A hippogriff (D:7)
  A slave (D:7)
  An orc warrior (Orc:1)
  2 orc priests (D:7)
  An orc wizard (D:11)
  An orc (D:7)
  2 fungi (Lair:1)
  A plant (Lair:5)
  34 spectral weapons
45 creatures vanquished.

Grand Total: 551 creatures vanquished

Notes
Turn   | Place    | Note
-------+----------+-------------------------------------------
     0 | D:1      | Haldmier the High Elf Skald began the quest for the Orb.
     0 | D:1      | Reached XP level 1. HP: 14/14 MP: 4/4
   225 | D:1      | Reached XP level 2. HP: 13/19 MP: 3/6
   243 | D:1      | Learned a level 2 spell: Shroud of Golubria
  1020 | D:2      | Reached skill level 1 in Translocations
  1028 | D:2      | Reached XP level 3. HP: 23/25 MP: 0/7
  1162 | D:2      | Learned a level 3 spell: Spectral Weapon
  1737 | D:2      | Reached skill level 1 in Hexes
  1958 | D:2      | Found a runed door.
  1958 | D:2      | Noticed a human
  1959 | D:2      | Found a basalt altar of Yredelemnul.
  2009 | D:2      | Reached XP level 4. HP: 29/30 MP: 3/8
  2275 | D:3      | Found a blossoming altar of Fedhas.
  3057 | D:3      | Reached XP level 5. HP: 35/35 MP: 6/10
  3397 | D:4      | Found Qixtu's Magic Scroll Shop.
  3409 | D:4      | Bought a scroll of amnesia for 42 gold pieces
  3409 | D:4      | Bought a scroll of magic mapping for 42 gold pieces
  3409 | D:4      | Bought a scroll of identify for 24 gold pieces
  3409 | D:4      | Bought a scroll of identify for 24 gold pieces
  3413 | D:4      | Bought a scroll of identify for 24 gold pieces
  3413 | D:4      | Bought a scroll of fear for 42 gold pieces
  3646 | D:4      | Noticed a phantom
  3664 | D:4      | Killed a phantom
  3664 | D:4      | Reached XP level 6. HP: 11/42 MP: 5/11
  3669 | D:4      | Learned a level 3 spell: Regeneration
  3888 | D:4      | Noticed Grinder
  3907 | D:4      | Killed Grinder
  3907 | D:4      | Reached skill level 2 in Dodging
  4215 | D:5      | Entered Level 5 of the Dungeon
  4234 | D:5      | Got a fine quarterstaff
  4255 | D:5      | Identified the +7 quarterstaff "Hiereunu" {venom, rPois Str+4} (You found it on level 5 of the Dungeon)
  4271 | D:5      | Reached XP level 7. HP: 46/46 MP: 8/13
  4319 | D:5      | Reached skill level 1 in Necromancy
  4383 | D:5      | Found a radiant altar of Vehumet.
  4393 | D:5      | Became a worshipper of Vehumet
  4461 | D:5      | Reached skill level 5 in Charms
  4593 | D:5      | Reached XP level 8. HP: 41/54 MP: 8/15
  4709 | D:5      | Reached skill level 5 in Long Blades
  4709 | D:5      | Reached skill level 3 in Dodging
  4815 | D:5      | Learned a level 4 spell: Summon Ice Beast
  4954 | D:6      | Reached * piety under Vehumet
  4954 | D:6      | Offered knowledge of Sandblast by Vehumet.
  5082 | D:6      | Found a staircase to the Ecumenical Temple.
  5094 | D:6      | Reached skill level 1 in Ice Magic
  5213 | D:6      | Reached skill level 5 in Spellcasting
  5266 | D:6      | Reached skill level 4 in Dodging
  5486 | D:6      | Found a shimmering altar of Xom.
  5638 | D:7      | Found a deep blue altar of Sif Muna.
  5652 | D:7      | Reached XP level 9. HP: 45/60 MP: 17/17
  5731 | D:7      | HP: 2/60 [orc priest/divine providence (11)]
  5872 | D:7      | Reached skill level 5 in Fighting
  6066 | D:7      | Noticed Pikel
  6074 | D:7      | Killed Pikel
  6074 | D:7      | Reached skill level 5 in Dodging
  6491 | D:8      | Offered knowledge of Searing Ray by Vehumet.
  6531 | D:8      | Learned a level 2 spell: Searing Ray
  6617 | D:8      | Noticed Uhlv's ghost (novice HaFi)
  6633 | D:8      | Killed Uhlv's ghost
  6633 | D:8      | Reached ** piety under Vehumet
  6633 | D:8      | Reached skill level 1 in Conjurations
  6633 | D:8      | Reached XP level 10. HP: 24/68 MP: 7/18
  7785 | D:8      | Reached skill level 6 in Dodging
  7859 | D:9      | Paralysed by an orc for 2 turns
  7907 | D:9      | Noticed Maurice
  7924 | D:9      | Killed Maurice
  7996 | D:9      | Found a staircase to the Lair.
  8284 | D:9      | Offered knowledge of Mephitic Cloud by Vehumet.
  8289 | D:9      | Learned a level 3 spell: Mephitic Cloud
  8325 | D:9      | Found a bloodstained altar of Trog.
  8346 | D:9      | Reached skill level 7 in Dodging
  8461 | D:9      | Reached skill level 1 in Air Magic
  8504 | D:9      | Reached *** piety under Vehumet
  8680 | Lair:1   | Entered Level 1 of the Lair of Beasts
  8787 | Lair:1   | Noticed a spiny frog
  8791 | Lair:1   | Killed a spiny frog
  8791 | Lair:1   | Reached skill level 1 in Poison Magic
  8791 | Lair:1   | Reached XP level 11. HP: 70/75 MP: 19/19
  8822 | Lair:1   | Identified An Early Guide to Witchery
  8910 | Lair:1   | Noticed a seven-headed hydra
  8928 | Lair:2   | Offered knowledge of Sticky Flame by Vehumet.
  9169 | Lair:1   | Learned a level 2 spell: Swiftness
  9355 | Lair:1   | Reached skill level 5 in Conjurations
  9491 | D:10     | Entered Level 10 of the Dungeon
  9519 | D:10     | Got a fine scythe
  9896 | D:10     | Reached **** piety under Vehumet
  9955 | D:10     | Noticed an unseen horror
  9963 | D:10     | Killed an unseen horror
 10262 | D:10     | Noticed an unseen horror
 10278 | D:10     | Killed an unseen horror
 10278 | D:10     | Offered knowledge of Iskenderun's Mystic Blast by Vehumet.
 10278 | D:10     | Reached skill level 8 in Dodging
 10330 | D:10     | Noticed Josephine
 10713 | D:11     | Got a pair of steaming gloves
 10755 | D:11     | Identified the cursed +0 pair of gloves of Zin's Condemnation {rC- Str-5 Dex+9 SInv} (You found it on level 11 of the Dungeon)
 11007 | D:11     | Found Enle's Weapon Shop.
 11167 | D:10     | Killed Josephine
 11181 | D:10     | Reached XP level 12. HP: 59/84 MP: 11/23
 12075 | D:12     | Reached skill level 9 in Dodging
 12415 | D:11     | Reached ***** piety under Vehumet
 12484 | D:12     | Offered knowledge of Iron Shot by Vehumet.
 12878 | D:12     | Found a roughly hewn altar of Beogh.
 12979 | D:12     | Reached skill level 10 in Dodging
 13004 | D:12     | Found a staircase to the Orcish Mines.
 13258 | D:12     | Reached skill level 10 in Fighting
 13424 | D:12     | Found Xeigeub's Distillery.
 13434 | D:12     | Got a faintly glowing spear
 13435 | D:12     | Identified the +6 spear of Conservatism {pain, Dex+4} (You found it on level 12 of the Dungeon)
 13436 | D:12     | Identified the +7 scythe "Alufipol" {vamp, rN+} (You found it on level 10 of the Dungeon)
 13572 | D:12     | Reached skill level 11 in Dodging
 13725 | Orc:1    | Entered Level 1 of the Orcish Mines
 13736 | Orc:1    | Noticed an orc warlord
 13747 | Orc:1    | Found a frozen archway.
 13753 | IceCv    | Entered an ice cave
 13908 | IceCv    | Reached XP level 13. HP: 34/94 MP: 20/25
 13988 | IceCv    | Learned a level 3 spell: Conjure Flame
 14350 | IceCv    | Got a jewelled hat
 14356 | IceCv    | Identified the +2 hat of Hopscotch {SInv} (You found it in an ice cave)
 14366 | IceCv    | Got a faintly glowing battleaxe
 14388 | IceCv    | Noticed a frost giant
 14499 | IceCv    | Killed a frost giant
 14690 | IceCv    | Reached skill level 12 in Dodging
 14914 | Orc:1    | Found a roughly hewn altar of Beogh.
 14962 | Orc:1    | Offered knowledge of Fulminant Prism by Vehumet.
 15041 | Orc:1    | Noticed Gastronok
 15076 | Orc:1    | Killed Gastronok
 15116 | Orc:1    | Noticed Snorg
 15127 | Orc:1    | Killed Snorg
 15262 | Orc:1    | Found Ruvvin's Antique Weapon Boutique.
 15409 | Orc:1    | Killed an orc warlord
 15629 | Orc:1    | Reached skill level 1 in Stealth
 15834 | Orc:2    | Entered Level 2 of the Orcish Mines
 15837 | Orc:2    | Paralysed by an orc sorcerer for 5 turns
 15848 | Orc:2    | Found Gogabey's Book Shop.
 16066 | Lair:1   | Identified the +5 battleaxe "Diotee" {chop, Str+3} (You found it in an ice cave)
 16580 | Lair:2   | Reached skill level 13 in Dodging
 16732 | Lair:2   | Reached skill level 5 in Ice Magic
 17463 | Lair:3   | Found a staircase to the Swamp.
 17714 | Lair:3   | Reached XP level 14. HP: 103/103 MP: 16/26
 18513 | Lair:4   | Reached skill level 1 in Armour
 18628 | Lair:4   | Found a hole to the Spider Nest.
 18852 | Lair:4   | Offered knowledge of Orb of Destruction by Vehumet.
 19517 | Lair:5   | Reached skill level 5 in Air Magic
 19964 | Lair:5   | HP: 2/103 [six-headed hydra (13)]
 19964 | Lair:5   | Slain by a six-headed hydra

Skill      XL: |  1  2  3  4  5  6  7  8  9 10 11 12 13 14 |
---------------+-------------------------------------------+-----
Long Blades    | 3 4 5 7 8 9 |  9.0
Translocations | 1 2 3 |  3.5
Hexes          | 1 2 3 4 |  4.0
Spellcasting   | 3 4 5 7 |  7.6
Fighting       | 3 4 5 7 8 10 12 | 12.0
Charms         | 4 5 6 7 9 |  9.0
Dodging        | 2 4 5 7 8 11 13 | 13.0
Necromancy     | 1 2 3 |  3.6
Ice Magic      | 2 3 4 5 6 |  6.8
Conjurations   | 1 4 6 7 9 |  9.8
Air Magic      | 1 3 5 |  5.5
Poison Magic   | 1 2 |  2.0
Stealth        | 4 |  4.0
Armour         | 2 |  2.8

Action                   |  1- 3 |  4- 6 |  7- 9 | 10-12 | 13-15 || total
-------------------------+-------+-------+-------+-------+-------++-------
Melee: Falchion          |   104 |    63 |       |       |       ||   167
       Dagger            |       |    87 |       |       |       ||    87
       Quarterstaff      |       |     4 |   204 |   622 |   513 ||  1343
 Cast: Infusion          |    15 |    18 |     1 |     1 |     1 ||    36
       Shroud of Golubri |    10 |    17 |    16 |    87 |    55 ||   185
       Spectral Weapon   |       |     3 |    13 |    81 |    63 ||   160
       Regeneration      |       |     1 |    22 |    85 |    59 ||   167
       Mephitic Cloud    |       |       |       |     4 |     8 ||    12
       Conjure Flame     |       |       |       |       |     9 ||     9
       Searing Ray       |       |       |       |       |     4 ||     4
Evoke: Wand              |       |       |       |       |     1 ||     1
  Use: Scroll            |       |     6 |    13 |    14 |     5 ||    38
       Potion            |       |       |     2 |       |    13 ||    15
 Stab: Sleeping          |       |     2 |       |       |     1 ||     3
       Distracted        |       |       |     2 |     7 |     7 ||    16
       Confused          |       |       |       |       |     3 ||     3
  Eat: Chunk             |     4 |     9 |    13 |    32 |    18 ||    76
       Pizza             |       |       |       |     1 |       ||     1
       Fruit             |       |       |       |     2 |     2 ||     4
       Royal jelly       |       |       |       |       |     2 ||     2
Armor: Leather armour    |    41 |    25 |    45 |     2 |       ||   113
       Ring mail         |       |       |       |   154 |   108 ||   262
       Skin              |       |       |       |     7 |       ||     7
       Scale mail        |       |       |       |       |    56 ||    56
Dodge: Dodged            |    58 |    91 |   177 |   694 |   516 ||  1536
Block: Other             |       |       |       |   103 |   134 ||   237
       Reflection        |       |       |       |     4 |       ||     4
       Rpst.: Falchion   |    23 |    14 |       |       |       ||    37
